[Event "Early-Titled-Tuesday-Blitz-February-06-2024"]
[Site "Chess.com"]
[Date "2024.02.06"]
[Round "5"]
[White "deribas12345"]
[Black "artin10862"]
[Result "1/2-1/2"]
[WhiteElo "2519"]
[BlackElo "2929"]
[TimeControl "180+1"]
[EndTime "8:56:15 PST"]
[Termination "Game drawn by agreement"]

1. d4 Nf6 2. c4 g6 3. Nc3 Bg7 4. e4 d6 5. Nge2 O-O 6. Ng3 h5 7. Be2 a5 8. O-O h4 9. Nh1 e5 10. d5 Nfd7 11. g4 Nc5 12. f3 f5 13. gxf5 gxf5 14. exf5 Bxf5 15. Nf2 Nbd7 16. Kh1 Qf6 17. Rg1 Kh7 18. Bg5 Qf7 19. Bxh4 Bh6 20. Nfe4 Qh5 21. Qe1 Bf4 22. Qf2 Rg8 23. Rxg8 Rxg8 24. Rg1 Rxg1+ 25. Kxg1 Qh6 26. Kh1 b6 27. Bd8 Nxe4 28.
fxe4 Bh3 29. Qh4 Qxh4 30. Bxh4 Nc5 31. Bd8 Bd2 32. Bxc7 Bxc3 33. bxc3 Nxe4 34. Bd3 Bf5 35. Bxe4 Bxe4+ 36. Kg1 Bd3 37. Bxd6 Bxc4 38. Bxe5 Bxd5 39. Bc7 b5 40. a3 a4 41. Kf2 Kg6 42. Ke3 Bc4 43.
Kf4 Kh5 44. Kg3 Kg5 45. Kf3 Kh4 46. Bg3+ Kh3 47. Kf4 Bd3 48. Ke3 Bg6 49. Kd4 Bf7 50. Kc5 Bc4 51. Kb4 Kg4 52. Bd6 Kh4 53. Kc5 Kh3 54.
Kb4 Kg2 55. Bc7 Kh3 56. Bd6 Kh4 57. Bc7 Kg4 58. Bd6 Bd3 59. Bc7 Kg5 60. Bb8 Kh4 1/2-1/2

[Event "Early-Titled-Tuesday-Blitz-February-06-2024"]
[Site "Chess.com"]
[Date "2024.02.06"]
[Round "5"]
[White "KhazhatulyAlikhan"]
[Black "Szachulec75"]
[Result "1-0"]
[WhiteElo "2401"]
[BlackElo "2214"]
[TimeControl "180+1"]
[EndTime "8:56:15 PST"]
[Termination "KhazhatulyAlikhan won by resignation"]

1. e4 d6 2. d4 Nf6 3. Nc3 c6 4. Nf3 Bg4 5. Be2 Bxf3 6. Bxf3 Nbd7 7. O-O e5 8. Bg5 Be7 9. dxe5 dxe5 10. Qd2 O-O 11.
Rad1 Qc7 12. Rfe1 Rad8 13. Qc1 Rfe8 14. a3 Nf8 15. h3 Ne6 16. Be3 b6 17. Rxd8 Rxd8 18.
Rd1 Bc5 19. Bxc5 Nxc5 20. Rd2 Rxd2 21. Qxd2 Ne6 22. Be2 Nd4 23. Bc4 Qd6 24. Qd3 Nd7 25. b4 g6 26. Nd1 b5 27. Ba2 c5 28. c3 c4 29. Qe3 Nc2 30. Qc1 Nxa3 31. Ne3 Qa6 32. Qd2 Nf6 33. f3 Kg7 34. Kf2 h6 35.
Qc1 Qa4 36. Qd2 a5 37. bxa5 Qxa5 38. Nd5 Nxd5 39. exd5 Qc7 40. d6 Qd7 41. Ke2 Kf6 42. Kd1 Ke6 43. Kc1 Qxd6 44. Qxd6+ Kxd6 45. Kb2 b4 46. cxb4 Nb5 47. Bxc4 Nc7 48. Bxf7 g5 49. Bc4 Kc6 50. Kc3 1-0

[Event "Early-Titled-Tuesday-Blitz-February-06-2024"]
[Site "Chess.com"]
[Date "2024.02.06"]
[Round "5"]
[White "Irishchessman16"]
[Black "FontVella8"]
[Result "0-1"]
[WhiteElo "2517"]
[BlackElo "2753"]
[TimeControl "180+1"]
[EndTime "8:56:16 PST"]
[Termination "FontVella8 won by resignation"]

1. d4 d5 2. Nc3 Nf6 3. Bf4 a6 4. h4 b5 5. e3 h6 6. Qf3 Bb7 7. Bd3 Nbd7 8. a3 c5 9. Nge2 c4 10. Bf5 e6 11. Bh3 Ne4 12. Nxe4 dxe4 13. Qg3 Nf6 14.
Be5 Nd5 15. Nf4 Qa5+ 16. c3 Nxc3 17. O-O Nd5 18. Nxe6 Qb6 19. Nxg7+ Bxg7 20. Bxg7 Rg8 21. Qe5+ Kd8 22. Qf5 Qc7 23. Bxh6 Qe7 24. Bg5 f6 25.
Bf4 Nxf4 26. Qxf4 Bc8 27. Bxc8 Rxc8 28. Kh2 Qe6 29. g3 Rc7 30. d5 Qe5 31. Qxe5 fxe5 32. d6 Rf7 33. Rad1 Kd7 34. Rd5 Ke6 35. Rd2 Rd8 36. Rfd1 Rdd7 37. Kg2 a5 38. Re1 Rxd6 39. Rxd6+ Kxd6 40. Rd1+ Kc5 41. h5 b4 42. axb4+ axb4 43. g4 Kb5 44. g5 Rf5 45. Kg3 Rxg5+ 46. Kh4 Rg2 47. h6 Rh2+ 48. Kg5 Rxf2 49. Kg6 Rxb2 50. h7 Rh2 51. Kg7 c3 52. Rd6 Rxh7+ 53. Kxh7 c2 54. Kg6 c1=Q 0-1

[Event "Early-Titled-Tuesday-Blitz-February-06-2024"]
[Site "Chess.com"]
[Date "2024.02.06"]
[Round "5"]
[White "PawnEatingZombie"]
[Black "dianamirza"]
[Result "1-0"]
[WhiteElo "2206"]
[BlackElo "1957"]
[TimeControl "180+1"]
[EndTime "8:56:18 PST"]
[Termination "PawnEatingZombie won by checkmate"]

1. e4 c5 2. c3 Nf6 3. e5 Nd5 4. Nf3 Nc6 5. Bc4 e6 6. O-O Be7 7. d4 cxd4 8. cxd4 d6 9. Qe2 O-O 10. Rd1 a6 11. Nc3 dxe5 12. dxe5 Nxc3 13. bxc3 Qc7 14. Qe4 Rd8 15. Bd3 g6 16. Bh6 Bf8 17. Bxf8 Kxf8 18. h4 Bd7 19. h5 Ne7 20. Qf4 gxh5 21. Qh6+ Ke8 22. Qxh5 Ng6 23. Bxg6 hxg6 24. Qh8+ Ke7 25. Qf6+ Ke8 26. Ng5 Bb5 27. Qh8+ Ke7 28. Qg7 Ke8 29. Nxe6 Rxd1+ 30. Rxd1 Qe7 31. Nc7+ Qxc7 32. Qg8+ Ke7 33. Qxa8 Qxe5 34. Qd8+ Ke6 35.
Qd2 Kf6 36. Re1 Qf5 37. Qd4+ Kg5 38. Re5 f6 39. Rxf5+ gxf5 40. g3 Be2 41. Qf4+ Kg6 42. Qc7 Bb5 43. f4 Ba4 44. Qxb7 Bb5 45. Qb6 Bd3 46. Qc7 Bb5 47. c4 Bxc4 48. Qxc4 a5 49. Qg8+ Kh6 50. Kg2 a4 51. Kf3 a3 52. Ke3 Kh5 53. Qh7+ Kg4 54. Qg6+ Kh3 55. Qxf5+ Kg2 56. Qxf6 Kf1 57. f5 Kg2 58. Qe6 Kf1 59. f6 Kg2 60. f7 Kf1 61. f8=Q+ Kg2 62. Qe4+ Kg1 63. Qf2# 1-0

[Event "Early-Titled-Tuesday-Blitz-February-06-2024"]
[Site "Chess.com"]
[Date "2024.02.06"]
[Round "5"]
[White "HajiyevKanan"]
[Black "Raud100"]
[Result "1-0"]
[WhiteElo "2605"]
[BlackElo "2432"]
[TimeControl "180+1"]
[EndTime "8:56:20 PST"]
[Termination "HajiyevKanan won by resignation"]

1. d4 d5 2. Nf3 Nf6 3. c4 c6 4. cxd5 cxd5 5. Nc3 Nc6 6. Bg5 Bf5 7. Bxf6 gxf6 8.
Qb3 e6 9. Qxb7 Rc8 10. e3 Qc7 11. Ba6 Qxb7 12. Bxb7 Rc7 13. Ba6 Bb4 14. Rc1 Ke7 15. a3 Bxc3+ 16. Rxc3 Kd6 17. Kd2 Nb8 18. Rxc7 Kxc7 19.
Rc1+ Kb6 20. Be2 a5 21. Rc5 Nc6 22. Rb5+ Kc7 23. Ne1 h5 24. h4 Bg4 25. Bd3 Kd6 26. Rb6 Kc7 27. Rb5 Kd6 28. f3 Bf5 29. Bxf5 exf5 30.
Nd3 a4 31. Nf4 Ne7 32. Rb6+ Kd7 33. Rxf6 Rb8 34. Kc2 Rc8+ 35. Kb1 Rb8 36. Rxf7 Ke8 37. Rh7 Rb3 38. Kc2 Rxe3 39. Rxh5 Nc6 40. Rh8+ Kf7 41. Nxd5 Nxd4+ 42. Kd2 Rb3 43. Kc1 Ne2+ 44. Kb1 Rd3 45. Rh7+ Kg6 46. Re7 Rxd5 47. Rxe2 Kh5 48. g3 f4 49. Rg2 Rd3 50. gxf4 Kxh4 51. Rg4+ Kh5 52. f5 Rxf3 53. Rxa4 Rxf5 54. Re4 Kg6 55. b4 Rf2 56. b5 Kf5 57. Re7 Kf6 58. Re8 Kf7 59. Re4 Rf3 60.
Kb2 Kf6 61. a4 Kf5 62. Re8 Kf6 63. Rf8+ 1-0

[Event "Early-Titled-Tuesday-Blitz-February-06-2024"]
[Site "Chess.com"]
[Date "2024.02.06"]
[Round "5"]
[White "ljm509"]
[Black "mkllnd1517"]
[Result "1-0"]
[WhiteElo "1994"]
[BlackElo "2344"]
[TimeControl "180+1"]
[EndTime "8:56:20 PST"]
[Termination "ljm509 won by resignation"]

1. e4 c6 2. d4 d5 3. Nc3 dxe4 4.
Nxe4 Nf6 5. Nxf6+ exf6 6. c3 Bd6 7. Qc2 O-O 8. Bd3 h5 9. Ne2 h4 10. Be3 Re8 11. O-O-O Nd7 12. Kb1 Nf8 13. g3 h3 14.
Qd2 Be6 15. Bf4 Bd5 16. Rhg1 b5 17. Bxd6 Qxd6 18. Nf4 Be6 19. Rge1 Bg4 20. Rxe8 Rxe8 21. Re1 Rxe1+ 22. Qxe1 b4 23. Qe3 bxc3 24. bxc3 g5 25. Ne2 Be6 26. f4 Qa3 27. Nc1 g4 28. f5 Bd5 29.
Be2 Qa5 30. Bxg4 Qb6+ 31. Ka1 Nh7 32. Bxh3 Ng5 33. Bf1 a5 34. c4 Be4 35. Bd3 Bxd3 36. Qxd3 Qb4 37. h4 Nh7 38. g4 Qe1 39. Kb2 Qxh4 40. Qe4 Ng5 41. Qxc6 Qxg4 42. d5 Qxf5 43. Nb3 Qe5+ 44. Ka3 Qc3 45. Qc5 Ne4 46. Qxa5 Qe3 47. d6 Kg7 48. d7 Qd3 49. d8=Q Nd6 50. Qxd6 Qxd6+ 51. Qc5 Qa6+ 52. Kb4 Qc8 53. Qxc8 1-0

[Event "Early-Titled-Tuesday-Blitz-February-06-2024"]
[Site "Chess.com"]
[Date "2024.02.06"]
[Round "5"]
[White "chess123456s"]
[Black "BallottiLuca"]
[Result "1/2-1/2"]
[WhiteElo "2541"]
[BlackElo "2364"]
[TimeControl "180+1"]
[EndTime "8:56:22 PST"]
[Termination "Game drawn by repetition"]

1. e4 c5 2. Nf3 e6 3. g3 Nc6 4. Bg2 Nf6 5. Nc3 d6 6. O-O Be7 7. d3 O-O 8. Ng5 h6 9. Nh3 Rb8 10. a4 a6 11. f4 Nd4 12. Ne2 b5 13. c3 Nxe2+ 14. Qxe2 Bd7 15. axb5 Bxb5 16. f5 a5 17. Bf4 e5 18. Be3 a4 19. Kh1 Qc7 20. g4 Nh7 21.
Qd2 f6 22. Ng1 Rfd8 23. h4 Bc6 24. c4 Rb4 25. Nf3 Rdb8 26. Ra2 Qb7 27. Rf2 Rb3 28. g5 fxg5 29. hxg5 Nxg5 30. Nxg5 Bxg5 31. Bxg5 hxg5 32. Bf3 Qe7 33. Rg2 Qf6 34. Bh5 Kf8 35. Bg6 Ke7 36. Rh2 a3 37. Rxa3 Rxb2 38. Qxb2 Rxb2 39. Rxb2 g4 40.
Ra7+ Bd7 41. Rh2 Qg5 42. Ra1 g3 43. Rh7 Kf6 44. Rh8 g2+ 45. Kg1 Qe3+ 46. Kh2 Qf4+ 47. Kxg2 Qd2+ 48. Kg1 Qe3+ 49. Kh1 Qf3+ 50. Kh2 Qf2+ 51. Kh3 Qf3+ 52. Kh2 Qf2+ 53. Kh1 Qf3+ 54. Kg1 Qg3+ 55. Kh1 Qf3+ 1/2-1/2

[Event "Early-Titled-Tuesday-Blitz-February-06-2024"]
[Site "Chess.com"]
[Date "2024.02.06"]
[Round "5"]
[White "Kazan28"]
[Black "Onischuk_V"]
[Result "1-0"]
[WhiteElo "2609"]
[BlackElo "2788"]
[TimeControl "180+1"]
[EndTime "8:56:23 PST"]
[Termination "Kazan28 won on time"]

1. d4 d6 2. e4 Nf6 3. Bd3 e5 4. c3 d5 5. dxe5 Nxe4 6. Nf3 Nc6 7. Nbd2 Bf5 8. Qc2 Nxd2 9. Bxd2 Bxd3 10. Qxd3 Qd7 11.
O-O Be7 12. Rfe1 O-O-O 13. b4 h6 14. a4 Qg4 15. Nd4 Nxd4 16. cxd4 Qg6 17. Qc3 Kb8 18.
b5 Rc8 19. a5 c5 20. bxc6 Qxc6 21. Qf3 Qe6 22. Reb1 Rc7 23. Rb5 Rd8 24. Rab1 Rdd7 25. Qb3 Kc8 26. h3 Qc6 27. Qf3 Qe6 28. Qb3 Kd8 29. Bb4 Bxb4 30. Qxb4 Ke8 31. Qb3 Kf8 32. Qd3 Kg8 33. f4 g6 34. g4 Rc4 35. f5 Qc6 36. Qe3 Rc3 37. Qxh6 Rg3+ 38. Kh2 Rf3 39. R5b2 gxf5 40.
Qg5+ Qg6 41. Qxg6+ fxg6 42. Rxb7 Rxb7 43. Rxb7 a6 44.
gxf5 gxf5 45. Rd7 f4 46. Rxd5 Rf2+ 47. Kg1 Ra2 48. e6 Kf8 49. Rd7 Rxa5 50. d5 Ke8 51.
Kf2 Rb5 52. Kf3 Rb4 53. h4 a5 54. h5 a4 55. h6 Rb3+ 56. Kxf4 Rh3 57. h7 a3 58. Ra7 1-0

[Event "Early-Titled-Tuesday-Blitz-February-06-2024"]
[Site "Chess.com"]
[Date "2024.02.06"]
[Round "5"]
[White "topce"]
[Black "Shivagami"]
[Result "0-1"]
[WhiteElo "2382"]
[BlackElo "2238"]
[TimeControl "180+1"]
[EndTime "8:56:24 PST"]
[Termination "Shivagami won by checkmate"]

1. c4 e5 2. Nc3 Bb4 3. Na4 Nf6 4. a3 Be7 5. b4 d5 6. cxd5 Nxd5 7. Bb2 f6 8. Rc1 O-O 9. Qc2 Nc6 10. e3 Be6 11. Nc5 Bxc5 12. Qxc5 Qd7 13. Nf3 Rad8 14. Bb5 Bg4 15. h3 Bxf3 16. gxf3 Ndxb4 17. d4 exd4 18.
axb4 dxe3 19. O-O Qxh3 20. Qc4+ Kh8 21. Qg4 Qh6 22. Bxc6 bxc6 23. Rc2 Rd5 24. f4 Rh5 25. Qg2 Qxf4 26. fxe3 Qxe3+ 27. Rff2 Rg5 28. Qxg5 Qxg5+ 29. Kf1 Rd8 30. Rfe2 Rd1+ 31. Kf2 Qg1+ 32. Kf3 Rf1+ 33.
Rf2 Rxf2+ 34. Rxf2 Qd1+ 35. Ke3 Qd5 36. Rd2 Qe6+ 37. Kd3 h5 38. Kc2 Kh7 39. Bc3 Qc4 40. Rd4 Qe2+ 41. Kb3 g5 42. Rd7+ Kg6 43. Rxc7 Qe6+ 44.
Ka3 h4 45. Kb2 h3 46. Rxa7 h2 47. Ra1 Qe4 48. Rf1 h1=Q 49. Rxf6+ Kh5 50. Rf8 Qhb1+ 51. Ka3 Qc1+ 52. Kb3 Qcc2+ 53. Ka3 Qxc3+ 54. Ka2 Qec2# 0-1

[Event "Early-Titled-Tuesday-Blitz-February-06-2024"]
[Site "Chess.com"]
[Date "2024.02.06"]
[Round "5"]
[White "C_K_G"]
[Black "NastyaHn"]
[Result "0-1"]
[WhiteElo "2125"]
[BlackElo "2382"]
[TimeControl "180+1"]
[EndTime "8:56:26 PST"]
[Termination "NastyaHn won by resignation"]

1. e4 e6 2. Nf3 d5 3. Nc3 Nf6 4. e5 Nfd7 5. d4 c5 6. Bg5 Be7 7. Bxe7 Qxe7 8. Nb5 O-O 9. Nc7 Nxe5 10. Nxa8 Nxf3+ 11. Qxf3 cxd4 12. c3 b6 13. Qg3 e5 14. Be2 Bb7 15.
Nxb6 axb6 16. O-O dxc3 17. Qxc3 d4 18. Qg3 Nd7 19. Rfe1 Nf6 20. a3 e4 21. Rad1 Qc5 22. Rd2 h6 23. Red1 d3 24. Bf1 Re8 25. h3 e3 26.
Rxd3 e2 27. Bxe2 Rxe2 28. Rd8+ Kh7 29. Qd3+ Re4 30. b4 Qf5 31. g4 Qg6 32. f3 Re5 33.
Qxg6+ Kxg6 34. R1d3 Re1+ 35. Kf2 Rh1 36. Kg2 Ra1 37. Rb8 Ba6 38. Re3 Bf1+ 39. Kf2 b5 40. Rb6 Bc4 41. f4 Rf1+ 42. Kg2 Rxf4 43. Kg3 Rd4 44. h4 Kh7 45. Rb7 Nd5 46. Re8 Rd3+ 47. Kf2 Rd2+ 48. Kg3 Nf6 49. Rbb8 Nxe8 50. Rxe8 Rd3+ 51.
Kf4 Rxa3 52. g5 hxg5+ 53. hxg5 Rb3 0-1

[Event "Early-Titled-Tuesday-Blitz-February-06-2024"]
[Site "Chess.com"]
[Date "2024.02.06"]
[Round "5"]
[White "scarabee43"]
[Black "GMBenjaminBok"]
[Result "0-1"]
[WhiteElo "2870"]
[BlackElo "2970"]
[TimeControl "180+1"]
[EndTime "8:56:27 PST"]
[Termination "GMBenjaminBok won by resignation"]

1. d4 Nf6 2. c4 e6 3. Nf3 b6 4. g3 Ba6 5. Qa4 Bb7 6. Bg2 c5 7. dxc5 bxc5 8. O-O Be7 9. Rd1 O-O 10. Nc3 Qb6 11.
Bf4 Rd8 12. Rd2 d6 13. Rad1 h6 14. Qb5 Ne8 15. Qxb6 axb6 16. a3 g5 17. Be3 Nc6 18. Ne1 f5 19. f4 Rab8 20. Nb5 Na5 21. Rc2 Bxg2 22. Kxg2 g4 23. b4 Nc6 24. Nd3 Nf6 25. Bc1 Kf7 26. Bb2 Ne4 27. Nc3 Nd4 28. Rcc1 Nxc3 29.
Rxc3 Nxe2 30. Rc2 Nd4 31. Bxd4 cxd4 32. b5 Ra8 33. Nb4 Rxa3 34. Rxd4 Rda8 35. Rcd2 R8a4 36. Nc6 Ra2 37. c5 dxc5 38. Rxa4 Rxd2+ 39. Kg1 Bf6 40.
Ra7+ Ke8 41. Ra8+ Kd7 42. Ra7+ Ke8 43. Ra8+ Kf7 44. Ra7+ Kg6 45. Ne7+ Bxe7 46. Rxe7 Kf6 47. Rb7 Rd6 48. Kf2 c4 49. Ke3 c3 50. Rc7 Rd5 51. Rxc3 Rxb5 52. Rc2 h5 53. Kd4 Rd5+ 54. Ke3 Rc5 55.
Rb2 b5 56. Ra2 Rc3+ 57. Kd4 Rc4+ 58. Kd3 Ra4 59. Rc2 Ra3+ 60. Kd4 h4 61. gxh4 Rf3 62.
Rc8 Rxf4+ 63. Ke3 Rf3+ 64. Ke2 Rh3 0-1

[Event "Early-Titled-Tuesday-Blitz-February-06-2024"]
[Site "Chess.com"]
[Date "2024.02.06"]
[Round "5"]
[White "Nouali_Mohamed"]
[Black "AradNazari"]
[Result "0-1"]
[WhiteElo "2558"]
[BlackElo "2778"]
[TimeControl "180+1"]
[EndTime "8:56:27 PST"]
[Termination "AradNazari won on time"]

1. e4 c5 2. Nf3 d6 3. d4 cxd4 4.
Nxd4 Nf6 5. Nc3 a6 6. Bc4 e6 7. Bb3 b5 8. Bg5 Be7 9. Qe2 Qb6 10. O-O-O Nbd7 11. Bxe6 fxe6 12. Nxe6 Kf7 13. Nd5 Qa5 14. Nxe7 Kxe6 15. Nf5 Qxa2 16. Rxd6+ Kf7 17. Rhd1 Qa1+ 18.
Kd2 Qxb2 19. Ke1 Qb4+ 20. Kf1 Qc4 21. R6d3 Qe6 22. Nd6+ Kg8 23. e5 Qxe5 24. Re3 Qxg5 25. Re8+ Nf8 26. Qe7 h6 27. Qxf8+ Kh7 28. Qxh8+ Kg6 29.
Qf8 Qg4 30. Qf7+ Kh7 31. f3 Qb4 32. Rxc8 Rxc8 33. Nxc8 Qc5 34. Qe6 Qxc2 35. Qe2 Qxc8 36. Qd3+ Kg8 37. Re1 Qc4 38. Qe2 Nd5 39. Qxc4 bxc4 40.
Rc1 a5 41. Ke2 c3 42. Kd3 a4 43. Kc4 Ne3+ 44. Kxc3 Nxg2 45. Kb4 Nh4 46. Rc3 Kf7 47. Kxa4 Kf6 48. Kb4 Kf5 49. Kc4 g5 50. Kd4 Kf4 51.
Rc6 Nxf3+ 52. Kd3 Ne5+ 53. Ke2 Nxc6 0-1

[Event "Early-Titled-Tuesday-Blitz-February-06-2024"]
[Site "Chess.com"]
[Date "2024.02.06"]
[Round "5"]
[White "Polish_fighter3000"]
[Black "AlmasRakhmatullaev"]
[Result "1/2-1/2"]
[WhiteElo "3060"]
[BlackElo "2904"]
[TimeControl "180+1"]
[EndTime "8:56:29 PST"]
[Termination "Game drawn by repetition"]

1. c4 e6 2. b3 d5 3. Bb2 Nf6 4. e3 Be7 5. f4 b6 6. Nf3 Bb7 7. g3 Nbd7 8. Bg2 O-O 9. O-O Nc5 10. Ne5 dxc4 11. Bxb7 Nxb7 12. bxc4 c5 13. g4 Qc7 14.
Nc3 Nd6 15. Qf3 Nd7 16. Nxd7 Qxd7 17. d3 Rad8 18. Rad1 f5 19. gxf5 Nxf5 20. Ne4 b5 21. Be5 bxc4 22. dxc4 Qa4 23. Qe2 Qa3 24. Nc3 a6 25.
Kg2 Bf6 26. Bxf6 gxf6 27. Rd3 Qb4 28. Rfd1 Rxd3 29. Qxd3 Kh8 30. Kf2 Rg8 31. Ne4 Qb7 32.
Ng3 Nh4 33. Qe4 Qb2+ 34. Kg1 Qxa2 35. f5 Qb3 36. Rf1 Nxf5 37. Qxe6 Qxe3+ 38. Qxe3 Nxe3 39. Rxf6 Nxc4 40. Rxa6 Ne5 41. Re6 Nf3+ 42. Kg2 Nd4 43. Rd6 Nf5 44. Rc6 Nxg3 45. hxg3 Rg5 46. Rc7 Rd5 47. g4 Kg8 48. Kf3 Rg5 49. Kf4 Rd5 50.
g5 Kh8 51. Kg4 Kg8 52. Kh5 Re5 53. Kh6 Re6+ 54. Kh5 Re5 55. Kh6 Re6+ 56. Kh5 Re5 1/2-1/2

[Event "Early-Titled-Tuesday-Blitz-February-06-2024"]
[Site "Chess.com"]
[Date "2024.02.06"]
[Round "5"]
[White "Flaccidmoves"]
[Black "aghasiyevkamal"]
[Result "1-0"]
[WhiteElo "2455"]
[BlackElo "2652"]
[TimeControl "180+1"]
[EndTime "8:56:29 PST"]
[Termination "Flaccidmoves won on time"]

1. e4 e5 2. Nf3 Nc6 3. c3 d6 4. d4 Nf6 5. Be2 Be7 6. O-O O-O 7. d5 Nb8 8. Bd3 Bg4 9. h3 Bh5 10. c4 a5 11. Nc3 Na6 12. Be3 Nd7 13. g4 Bg6 14.
Nd2 Bg5 15. Re1 Nac5 16. Bc2 Bf4 17. Nf1 Qh4 18. Qf3 Qg5 19. Ng3 Nf6 20. Kg2 h5 21. Bxf4 exf4 22. Nge2 hxg4 23. Qxf4 Qe5 24.
Qxe5 dxe5 25. hxg4 Nxg4 26. Rh1 Rfd8 27. Rh4 Nf6 28. Rah1 Kf8 29. Ng3 Ke7 30. Nf5+ Bxf5 31.
exf5 c6 32. Re1 Kd6 33. dxc6 bxc6 34. f3 Rh8 35. Rxh8 Rxh8 36. Rd1+ Kc7 37. Ne4 Nfxe4 38. Bxe4 Rh4 39. Kg3 Rf4 40. Re1 f6 41. Bc2 Rxc4 42. Re2 Rd4 43. Rh2 Kb6 44. Rh7 Rd2 45. Be4 Rxb2 46.
Rxg7 Rxa2 47. Rf7 Ra3 48. Kf2 Ra2+ 49. Kg3 a4 50. Rxf6 a3 51. Rxc6+ Kb5 52. Rc8 Re2 53.
Ra8 Na6 54. Bd3+ Kb6 55. Rxa6+ Kb7 56. Bxe2 1-0

[Event "Early-Titled-Tuesday-Blitz-February-06-2024"]
[Site "Chess.com"]
[Date "2024.02.06"]
[Round "5"]
[White "ValentunHulka"]
[Black "biostatistician"]
[Result "1-0"]
[WhiteElo "2819"]
[BlackElo "2611"]
[TimeControl "180+1"]
[EndTime "8:56:30 PST"]
[Termination "ValentunHulka won on time"]

1. d4 Nf6 2. c4 g6 3. Nc3 Bg7 4. e4 d6 5. h3 O-O 6. Be3 Nc6 7. Nf3 e5 8. d5 Nd4 9. Nxd4 exd4 10.
Bxd4 Nxe4 11. Nxe4 Qh4 12. Bxg7 Qxe4+ 13. Qe2 Qxe2+ 14. Bxe2 Kxg7 15. Kd2 Re8 16. Rhe1 Bd7 17. Kc3 g5 18. Bg4 f5 19. Bh5 Re5 20. Rxe5 dxe5 21. Be2 Kf6 22. c5 a5 23. Rd1 Re8 24. d6 c6 25. a3 Ra8 26. Bc4 a4 27. Kb4 e4 28.
b3 axb3 29. Bxb3 Ke5 30. a4 h5 31. Bc4 h4 32. a5 g4 33. a6 bxa6 34. Ka5 gxh3 35.
gxh3 f4 36. Kb6 a5 37. Kc7 Bxh3 38. Kxc6 Rc8+ 39. Kb6 Bd7 40. Bd5 e3 41. fxe3 fxe3 42. Bb7 Rh8 43. Re1 h3 44. Rxe3+ Kd4 45. Re1 h2 46.
Rd1+ Ke5 47. Kxa5 Bg4 48. Re1+ Kd4 49. Kb6 Rb8 50. c6 Bf3 51. Kc7 Rh8 52. d7 h1=Q 53.
Rxh1 Bxh1 54. Kb6 Ke5 55. c7 Rh6+ 56. Ka7 Bxb7 57. Kxb7 1-0

[Event "Early-Titled-Tuesday-Blitz-February-06-2024"]
[Site "Chess.com"]
[Date "2024.02.06"]
[Round "5"]
[White "TrompeterImEther"]
[Black "N_I_Chess"]
[Result "1-0"]
[WhiteElo "2540"]
[BlackElo "2342"]
[TimeControl "180+1"]
[EndTime "8:56:30 PST"]
[Termination "TrompeterImEther won on time"]

1. e4 Nf6 2. e5 Nd5 3. d4 d6 4. c4 Nb6 5. exd6 cxd6 6. Nc3 g6 7.
Nf3 Bg7 8. Be3 Bg4 9. Rc1 O-O 10. Be2 Nc6 11. b3 d5 12. c5 Nc8 13. O-O e6 14.
Ne1 Bxe2 15. Nxe2 N8e7 16. Qd2 b6 17. b4 bxc5 18. dxc5 Rb8 19. Nc2 Nf5 20. Rfd1 Nxe3 21. fxe3 Qg5 22. a4 a6 23. Ned4 Ne5 24. b5 Nc4 25.
Qd3 axb5 26. axb5 Nb2 27. Qb3 Nxd1 28. Rxd1 Rfc8 29. c6 Qg4 30. Qd3 e5 31. Nb3 d4 32. h3 Qh5 33. e4 Rxb5 34. g4 Rxb3 35.
Qxb3 Qh4 36. Nb4 Bh6 37. Rf1 Be3+ 38. Kg2 h5 39. Qxf7+ Kh8 40. Qxg6 Bf4 41. Qxh5+ Qxh5 42. gxh5 Rg8+ 43. Kh1 Rc8 44. Ra1 d3 45. Nxd3 Rxc6 46. Rf1 Bg3 47. Kg2 Bh4 48. Rf5 Rc2+ 49. Kf3 Rc3 50.
Ke2 Rc2+ 51. Kd1 Rh2 52. Nxe5 Rxh3 53. Ng6+ Kg7 54. e5 Rh2 55. e6 Bd8 56. Ne5 1-0

[Event "Early-Titled-Tuesday-Blitz-February-06-2024"]
[Site "Chess.com"]
[Date "2024.02.06"]
[Round "5"]
[White "NewYearGirl"]
[Black "Manukyan_Artak"]
[Result "1-0"]
[WhiteElo "2353"]
[BlackElo "2477"]
[TimeControl "180+1"]
[EndTime "8:56:30 PST"]
[Termination "NewYearGirl won by resignation"]

1. e4 c6 2. d4 d5 3. Nc3 dxe4 4. Nxe4 Nf6 5. Nxf6+ exf6 6. c3 Bd6 7. Bd3 Na6 8. Qf3 Nc7 9. Ne2 Ne6 10. h4 Qa5 11. Bd2 Qd5 12. Qxd5 cxd5 13. Bb5+ Bd7 14. Bxd7+ Kxd7 15. O-O-O h5 16. g3 g6 17. Kb1 Rhe8 18. Nc1 f5 19. Nd3 b6 20. Rhe1 f6 21. Nc1 f4 22.
gxf4 Nxf4 23. Rg1 Rg8 24. Bxf4 Bxf4 25. Nd3 Bd6 26. f4 Rae8 27. Rg2 Re3 28. Kc2 Rh3 29. Rdg1 Rxh4 30. Rxg6 Rxg6 31. Rxg6 Ke6 32. Rg7 Bxf4 33. Rxa7 Rh2+ 34. Kb3 Be3 35. Rb7 h4 36. Rxb6+ Kf5 37.
Rb8 h3 38. Rh8 Rd2 39. Ne1 Re2 40. Nf3 Kg4 41. a4 Kxf3 42. Rxh3+ Kg4 43. Rh1 Bf4 44. a5 Re8 45. Ka4 Ra8 46. b4 f5 47. b5 Bc7 48.
a6 f4 49. Rh7 f3 50. Rxc7 Rf8 51. Rg7+ Kh3 52. Rg1 f2 53. Rb1 Kg2 54. b6 Rf6 55.
Ka5 Rf3 56. Rb2 Rxc3 57. Rxf2+ Kxf2 58. b7 Rb3 59. a7 Rxb7 60. a8=Q Rd7 61. Qf8+ Ke3 62. Qe8+ 1-0

[Event "Early-Titled-Tuesday-Blitz-February-06-2024"]
[Site "Chess.com"]
[Date "2024.02.06"]
[Round "5"]
[White "yaguigor"]
[Black "Irina_Mikhaylova"]
[Result "1-0"]
[WhiteElo "2743"]
[BlackElo "2332"]
[TimeControl "180+1"]
[EndTime "8:56:30 PST"]
[Termination "yaguigor won by resignation"]

1. Nf3 Nf6 2. c4 g6 3. Nc3 d5 4. cxd5 Nxd5 5. Qb3 c6 6. d4 Bg7 7. e4 Nb6 8. h3 O-O 9. Be3 Be6 10. Qc2 Bc4 11.
Be2 N8d7 12. O-O Nf6 13. Rad1 Bxe2 14. Qxe2 Qc7 15. Rc1 Rad8 16. Rfd1 Qb8 17. b3 Nfd7 18. e5 Rfe8 19. Ng5 Nf8 20. Qg4 h6 21. Nf3 Qc8 22. Qh4 g5 23. Qh5 Qf5 24. Ne2 Qg6 25. Ng3 Qxh5 26. Nxh5 Ne6 27. g4 Nd5 28. h4 Rd7 29.
hxg5 Nxe3 30. fxe3 Nxg5 31. Nxg5 hxg5 32. Rf1 Rf8 33.
Rf5 e6 34. Rf2 Kh7 35. Kg2 Kg6 36. b4 Rh8 37. a4 Rc8 38. Kf3 Rh8 39. Ke4 Rf8 40.
Rcf1 Rd5 41. Rh1 Rh8 42. Rhf1 Rf8 43. Rc2 a5 44. Rb1 Ra8 45. b5 Rc8 46. Rbc1 Rd7 47. bxc6 bxc6 48. Rxc6 Rb8 49. Rc7 Rxc7 50. Rxc7 Rb4 51.
Rc8 Rxa4 52. Rg8 Kh7 53. Rxg7+ Kh8 54. Rxf7 Ra1 55. Nf6 1-0

[Event "Early-Titled-Tuesday-Blitz-February-06-2024"]
[Site "Chess.com"]
[Date "2024.02.06"]
[Round "5"]
[White "BillieKimbah"]
[Black "Eagle_2019"]
[Result "1-0"]
[WhiteElo "2952"]
[BlackElo "2863"]
[TimeControl "180+1"]
[EndTime "8:56:31 PST"]
[Termination "BillieKimbah won by resignation"]

1. d4 d5 2. Nf3 e6 3. c4 Nf6 4. Bg5 Nbd7 5. e3 c6 6. cxd5 exd5 7. Bd3 Be7 8. O-O Ne4 9. Bf4 O-O 10. Qc2 Ndf6 11.
Ne5 Be6 12. f3 Nd6 13. Nc3 g6 14. Rad1 Re8 15. h3 Nh5 16. Bh2 Bh4 17. g4 Ng3 18.
Rfe1 f6 19. Nxg6 hxg6 20. Bxg6 Re7 21. Kg2 Rg7 22. Bxg3 Bxg3 23. Kxg3 f5 24. Bh5 Qg5 25. Kh2 fxg4 26. fxg4 Nc4 27. Qe2 Rf8 28. b3 Nd6 29. Rf1 Rd8 30. Rf4 Bf7 31. Bxf7+ Nxf7 32. Rdf1 Qe7 33.
Qf2 Ng5 34. h4 Ne6 35. Rf6 Rxg4 36. Rg1 Rxg1 37. Qxg1+ Ng7 38. Qg5 Rd6 39. Rxd6 Qxd6+ 40. Kg2 Kf7 41. Ne2 Qg6 42. Qxg6+ Kxg6 43. Ng3 Ne8 44. Kf3 Nd6 45. Kf4 Kf6 46. h5 b6 47. a4 a5 48.
h6 c5 49. h7 Nf7 50. dxc5 bxc5 51. Nf5 c4 52. bxc4 dxc4 53. Nd6 Nh8 54. Nxc4 Kg6 55. Nxa5 Kxh7 56. Nc6 Kg6 57. a5 Nf7 58. Ne5+ 1-0

[Event "Early-Titled-Tuesday-Blitz-February-06-2024"]
[Site "Chess.com"]
[Date "2024.02.06"]
[Round "5"]
[White "alekroth65"]
[Black "KubaGepard"]
[Result "0-1"]
[WhiteElo "2378"]
[BlackElo "2559"]
[TimeControl "180+1"]
[EndTime "8:56:32 PST"]
[Termination "KubaGepard won on time"]

1. d4 Nf6 2. c4 e6 3. Nf3 b6 4. g3 Bb7 5. Bg2 Bb4+ 6. Bd2 c5 7. Bxb4 cxb4 8. Qd3 O-O 9. Nbd2 d6 10. e4 Qe7 11.
O-O e5 12. Rfe1 a5 13. a3 bxa3 14. bxa3 Nc6 15. Rab1 Nd7 16. Bh3 exd4 17. Bxd7 Qxd7 18. Rxb6 Qc7 19. Reb1 Ba6 20. Nxd4 Ne5 21. Qe2 Nxc4 22. Rc6 Nxd2 23. Qxd2 Qe7 24. Qf4 Rfe8 25. Nf5 Qe5 26. Nxd6 Qxf4 27. gxf4 Red8 28. e5 h6 29. Rbb6 Bd3 30.
Kg2 Rab8 31. Rxb8 Rxb8 32. Rc8+ Rxc8 33. Nxc8 Be4+ 34. Kf1 Kf8 35. Ke2 Bd5 36. Ke3 Ke8 37. Kd4 Bf3 38. Nd6+ Ke7 39. Nc4 a4 40. f5 g6 41.
fxg6 fxg6 42. Nd6 Ke6 43. Ne4 Bd1 44. Nc5+ Ke7 45. f4 g5 46. f5 h5 47. f6+ Kf7 48. Ke4 Bc2+ 49. Kf3 Kg6 50. Kg3 Bb3 51. h4 g4 52. Kf4 Bc2 53. Ne4 Bb3 54. Ng3 Bd5 55.
Ke3 Bg8 56. Kd4 Bb3 57. Kc5 Kf7 58. Kd6 Bc2 59. Kd7 Bg6 0-1